 Dungeon Sprint DCSS version 0.28-a0-938-gbc3f381ebc (webtiles) character file.

Game seed: 16871193802249981198

1100000 emperorscorpion the Eclecticist (level 12, -10/70 HPs)
             Began as a Djinni Hedge Wizard on Nov 28, 2021.
             Was a Follower of Makhleb.
             Mangled by a bag of meat (38 damage)
             ... in the Dungeon (Sprint VIII: "Arena of Blood").
             The game lasted 00:00:28 (11 turns).

emperorscorpion the Eclecticist (Djinni Hedge Wizard) Turns: 11, Time: 00:00:28

Health: -10/70     AC:  2    Str:  9    XL:     12   Next: 35%
Gold:   0          EV: 20    Int: 16    God:    Makhleb [*.....] SH:  0 Dex: 18

rFire   + + .      SeeInvis .   i - +∞ Axe of Woe
rCold   x . .      Faith    .   (shield currently unavailable)
rNeg    . . .      Spirit   .   b - +0 robe
rPois   ∞          Reflect  .   c - +0 hat
rElec   .          Harm     .   (no cloak)
rCorr   .          Rampage  .   (no gloves)
Will    +....      NoTele   +   (boots unavailable)
Stlth   ++++......              (no amulet)
HPRegen 0.21/turn               (no ring)
MPRegen 0.00/turn               (no ring)

@: flying
A: sickness immunity, fire resistance 2, cold vulnerability 1, float, innate
caster, hp casting, extra vitality 1
a: Renounce Religion


You were in the Dungeon.
You worshipped Makhleb.
Makhleb was aware of your devotion.
You visited 1 branch

Inventory:

Hand Weapons
 a - a +0 dagger
 i - the +∞ Axe of Woe (weapon)
   (You found it in the Dungeon)
Armour
 b - a +0 robe (worn)
 c - a +0 hat (worn)
Scrolls
 h - a scroll of blinking
Potions
 d - a potion of curing
 e - a potion of heal wounds
 f - a potion of haste
 g - a potion of berserk rage


   Skills:
 + Level 12.3 Dodging
 + Level 9.1 Stealth
 + Level 20.1 Spellcasting


You had 25 spell levels left.
You knew the following spells:

 Your Spells              Type           Power      Damage    Failure   Level
a - Magic Dart            Conj           100%       1d8       0%          1
b - Blink                 Tloc           100%       N/A       0%          2
c - Call Imp              Summ           69%        N/A       0%          2
d - Slow                  Hex            100%       N/A       0%          1
e - Conjure Flame         Conj/Fire      69%        6-21      0%          3
f - Mephitic Cloud        Conj/Pois/Air  69%        N/A       0%          3
g - Shock                 Conj/Air       100%       1d9       0%          1
h - Corpse Rot            Necr/Air       100%       N/A       0%          2
i - Searing Ray           Conj           100%       2d8       0%          2
j - Petrify               Tmut/Erth      69%        N/A       0%          4
k - Yara's Violent Unrav  Hex/Tmut       34%        3d14      1%          5
Your spell library was empty.

Dungeon Overview and Level Annotations

Branches:
Dungeon (1/1)

Altars:
Makhleb


Innate Abilities, Weirdness & Mutations

You are immune to sickness and miasma.
You are immune to poison.
Your flesh is very heat resistant. (rF++)
You are vulnerable to cold. (rC-)
You float through the air rather than walking.
You learn spells naturally, not from books.
Your magical power is your life essence.
You have superior vitality. (+4 HP)


Message History

The power to cast Corpse Rot wells up from within.
Spell assigned to 'h'.
You have reached level 6!
Your experience leads to an increase in your attributes!
Increase (S)trength, (I)ntelligence, or (D)exterity?
You feel agile.
You have reached level 7!
The power to cast Searing Ray wells up from within.
Spell assigned to 'i'.
You have reached level 8!
You feel clever.
You have reached level 9!
Your experience leads to an increase in your attributes!
Increase (S)trength, (I)ntelligence, or (D)exterity?
You feel agile.
The power to cast Petrify wells up from within.
Spell assigned to 'j'.
You have reached level 10!
You have reached level 11!
The power to cast Yara's Violent Unravelling wells up from within.
Spell assigned to 'k'.
You have reached level 12!
Your experience leads to an increase in your attributes!
Increase (S)trength, (I)ntelligence, or (D)exterity?
You feel agile. x2
A meat berserker comes into view. It is wielding a +9 battleaxe.
Unknown command.
The large bag of meat shouts in stereo!
The bag of meat shouts!
You hit the meat berserker.
You slaughter the meat berserker joyfully.
You kill the meat berserker!
Makhleb accepts your kill.
You can now gain health from killing.
You hear a shout! x13
A bag of meat comes into view. It is wielding a +9 war axe.
You hear a shout!
The meat berserker closely misses you.
You hear a shout!
A bag of meat comes into view. It is wielding a +9 war axe.
The bag of meat hits you with a +9 war axe!!!
Ouch! That really hurt!
A large bag of meat comes into view. It is wielding a +9 giant spiked club.
The bag of meat hits you with a +9 war axe!!!
Ouch! That really hurt!
You die...

......###........
......_.........
#.....#......
#_.<._#......
..#.....#......
......_.........
......###.o.....O
.###...o..o###...
#...o.)@# ..
#.....oO#
........oo
......ooo.O
....o....o..
...oO.....##.
#........#. oo
....O...#. ##


You could see 2 large bags of meat, 2 meat berserkers and 15 bags of meat.

Vanquished Creatures
  2 ogres (D)
2 creatures vanquished.

Notes
Turn   | Place    | Note
-------+----------+-------------------------------------------
     0 | D        | Found the +∞ Axe of Woe
     0 | D        | emperorscorpion the Djinni Hedge Wizard began the quest for
                  | the Orb.
     0 | D        | Reached XP level 1. HP: 15/15 MP: 0/0
     1 | D        | Noticed a bag of meat
     3 | D        | Noticed a bag of meat
     4 | D        | Became a worshipper of Makhleb the Destroyer
     5 | D        | Noticed a meat berserker
     6 | D        | Noticed a meat berserker
     8 | D        | Noticed a bag of meat
     8 | D        | Noticed a bag of meat
     8 | D        | Noticed a bag of meat
     8 | D        | Noticed a bag of meat
     8 | D        | Noticed a bag of meat
     8 | D        | Noticed a meat berserker
     9 | D        | Noticed a bag of meat
     9 | D        | Noticed a bag of meat
     9 | D        | Noticed a bag of meat
     9 | D        | Noticed a bag of meat
     9 | D        | Noticed a bag of meat
     9 | D        | Noticed a bag of meat
    10 | D        | Killed a meat berserker
    10 | D        | Noticed a large bag of meat
    10 | D        | Noticed a bag of meat
    10 | D        | Noticed a bag of meat
    11 | D        | Reached skill level 20 in Spellcasting
    11 | D        | Reached XP level 2. HP: 21/21 MP: 0/0
    11 | D        | Reached XP level 3. HP: 25/25 MP: 0/0
    11 | D        | Learned a level 1 spell: Shock
    11 | D        | Reached XP level 4. HP: 31/31 MP: 0/0
    11 | D        | Reached XP level 5. HP: 35/35 MP: 0/0
    11 | D        | Learned a level 2 spell: Corpse Rot
    11 | D        | Reached XP level 6. HP: 40/40 MP: 0/0
    11 | D        | Reached XP level 7. HP: 45/45 MP: 0/0
    11 | D        | Learned a level 2 spell: Searing Ray
    11 | D        | Reached XP level 8. HP: 50/50 MP: 0/0
    11 | D        | Reached XP level 9. HP: 55/55 MP: 0/0
    11 | D        | Learned a level 4 spell: Petrify
    11 | D        | Reached XP level 10. HP: 60/60 MP: 0/0
    11 | D        | Reached XP level 11. HP: 65/65 MP: 0/0
    11 | D        | Learned a level 5 spell: Yara's Violent Unravelling
    11 | D        | Reached XP level 12. HP: 70/70 MP: 0/0
    11 | D        | Noticed a meat berserker
    11 | D        | Killed a meat berserker
    11 | D        | Reached * piety under Makhleb
    11 | D        | Noticed a bag of meat
    11 | D        | Noticed a bag of meat
    11 | D        | Noticed a large bag of meat
    11 | D        | Mangled by a bag of meat

Illustrated notes

Levels and vault maps discovered:
D:        meatsprint

Skill      XL: |  1 |
---------------+----+-----
Dodging        | 12 | 12.3
Stealth        | 9 |  9.1
Spellcasting   | 20 | 20.1

Action                   |  1- 3 |  4- 6 |  7- 9 | 10-12 || total
-------------------------+-------+-------+-------+-------++-------
Melee: Executioner's axe |     1 |       |       |     1 ||     2
Dodge: Dodged            |     1 |       |       |     1 ||     2

Table legend: (Time is in decaauts)
 A = Elapsed time spent in this place.
 B = Non-inter-level travel time spent in this place.
 C = Inter-level travel time spent in this place.
 D = Time resting spent in this place.
 E = Time spent auto-exploring this place.
 F = Levels seen in this place.
 G = Mean time per level.
                   A        B        C        D        E       F      G
               +--------+--------+--------+--------+--------+-----+--------+
         Total |     11 |     11 |      0 |      0 |      0 |   1 |   11.0 |
       Dungeon |     11 |     11 |      0 |      0 |      0 |   1 |   11.0 |
               +--------+--------+--------+--------+--------+-----+--------+

Top non-repeatable levels by time:
       D: 11 daAuts
